 Dungeon Crawl Stone Soup version 0.30-a0-591-g3c58d2bc28 (webtiles) character file.

Game seed: 15755242962766921662

103 wormed the Changer (level 4, -2/28 HPs)
             Began as an Octopode Transmuter on Jan 4, 2023.
             Killed by nerve-wracking pain
             ... invoked by Menkaure
              (9 damage)
             ... on level 4 of the Dungeon.
             The game lasted 00:04:09 (2409 turns).

wormed the Changer (Octopode Transmuter)            Turns: 2409, Time: 00:04:09

Health: -2/28      AC:  1    Str:  9    XL:     4   Next: 79%
Magic:  0/8        EV: 13    Int: 17    God:
Gold:   138        SH:  0    Dex: 12    Spells: 6/9 levels left

rFire   . . .      SeeInvis .      - Unarmed
rCold   . . .      Faith    .    (no shield)
rNeg    . . .      Spirit   +    (helmet currently unavailable)
rPois   .          Reflect  .    d - amulet of guardian spirit
rElec   .          Harm     .    (no ring)
rCorr   .          Rampage  .    (no ring)
Will    .....                    (no ring)
Stlth   ++                       (no ring)
HPRegen 0.24/turn                (no ring)
MPRegen 0.11/turn                (no ring)
                                 (no ring)
                                 (no ring)

@: appendages (expiring), wereblooded
A: tentacle spike 3, almost no armour, amphibious, 8 rings, camouflage 1,
gelatinous body 1, (nimble swimmer 1), tentacles
a: End Transformation


You were on level 4 of the Dungeon.
One of your tentacles had grown a beastly spike.
You visited 1 branch of the dungeon, and saw 4 of its levels.

You collected 138 gold pieces.

Inventory:

Jewellery
 d - an amulet of guardian spirit (around mantle)
Scrolls
 e - a scroll of acquirement {unknown}
 h - a scroll of fog {unknown}
 j - a scroll of immolation {unknown}
 k - a scroll of vulnerability {unknown}
Potions
 b - a potion of degeneration {unknown}
 c - a potion of heal wounds {unknown}
 f - 2 potions of brilliance {unknown}
 g - a potion of attraction {unknown}
 i - 2 potions of curing {unknown}


   Skills:
 - Level 1.0 Fighting
 - Level 2.0 Dodging
 - Level 3.0 Unarmed Combat
 + Level 3.0 Spellcasting
 + Level 3.1 Transmutations
 + Level 2.2 Ice Magic


You had 6 spell levels left.
You knew the following spells:

 Your Spells              Type           Power      Damage    Failure   Level
a - Beastly Appendage     Tmut           26%        N/A       4%          1
b - Wereblood             Tmut           13%        N/A       7%          2

Your spell library contained the following spells:

 Spells                   Type           Power      Damage    Failure   Level
 Freeze                   Ice            40%        1d6       7%          1
 Frozen Ramparts          Ice            20%        1d4       22%         3
 Spider Form              Tmut/Pois      8%         N/A       26%         3
 Hailstorm                Conj/Ice       6%         3d4       32%         3
 Ice Form                 Ice/Tmut       11%        N/A       50%         4
 Simulacrum               Ice/Necr       3%         N/A       100%        6


Dungeon Overview and Level Annotations

Branches:
Dungeon (4/15)
 Temple: D:4-7

Altars:

Shops:
D:2 :

Annotations:
D:3 1 runed translucent door, Heh's ghost, amateur OpFi
D:4 Menkaure


Innate Abilities, Weirdness & Mutations

One of your tentacles has grown a beastly spike.
You cannot wear most types of armour.
You are amphibious.
You can wear up to eight rings at the same time.
Your skin changes colour to match your surroundings (Stealth+).
Your rubbery body absorbs attacks. (AC +1, EV +1)
((You are camouflaged when in or above water. (Stealth+)))
You have tentacles for arms and can constrict up to eight enemies at once.


Message History

Menkaure shouts!
You closely miss Menkaure. You grab Menkaure.
You pierce Menkaure.
Menkaure is lightly damaged.
You constrict Menkaure, but do no damage.
Menkaure hits you but does no damage.
You tentacle-slap Menkaure.
Your tentacle spike misses Menkaure.
Menkaure is lightly damaged.
You constrict Menkaure, but do no damage.
An iguana comes into view.
Menkaure hits you!!
Ouch! That really hurt!
Press: ? - help, v - describe, . - travel The floor.
As you read the scroll of torment, it crumbles to dust.
Your body is wracked with pain!
* * * LOW HITPOINT WARNING * * *
The iguana convulses!
You constrict Menkaure.
A ball python comes into view.
The ball python hisses angrily.
You tentacle-slap Menkaure but do no damage.
You tentacle-slap Menkaure, but do no damage.
You squeeze Menkaure, but do no damage.
Menkaure is moderately damaged.
You constrict Menkaure, but do no damage.
Menkaure completely misses you.
You tentacle-slap Menkaure but do no damage.
You pierce Menkaure, but do no damage.
You squeeze Menkaure, but do no damage.
Menkaure is moderately damaged.
You constrict Menkaure. Menkaure closely misses you.
You tentacle-slap Menkaure.
You pierce Menkaure.
You squeeze Menkaure.
Menkaure is heavily damaged.
You constrict Menkaure.
Menkaure mumbles some strange words.
Menkaure seems to speed up.
You tentacle-slap Menkaure.
Menkaure is severely damaged.
You constrict Menkaure. The iguana closely misses you.
Menkaure casts a spell at you. Pain shoots through your body!
You die...

# .# #. #.
##.###
##Sl#.##
###..M@#.##
+......###.##
####..# ##.#
##..###.## #
#.#.## #.##
#.# #.# #.#


You could see Menkaure (fast), an iguana and a ball python.

Vanquished Creatures
  4 adders (D:3)
  2 dart slugs
  An orc (D:3)
  3 ball pythons
  5 endoplasms
  4 giant cockroaches
  5 goblins
  5 hobgoblins
  11 jackals (D:1)
  A quokka (D:1)
  2 bats
  A frilled lizard (D:1)
  5 kobolds
  7 rats
56 creatures vanquished.

Vanquished Creatures (others)
  4 plants (D:3)
4 creatures vanquished.

Grand Total: 60 creatures vanquished

Notes
Turn   | Place    | Note
-------+----------+-------------------------------------------
     0 | D:1      | wormed the Octopode Transmuter began the quest for the Orb.
     0 | D:1      | Reached XP level 1. HP: 13/13 MP: 3/3
    82 | D:1      | Reached XP level 2. HP: 13/18 MP: 1/5
   184 | D:1      | Reached skill level 1 in Ice Magic
   297 | D:1      | Reached XP level 3. HP: 23/23 MP: 4/6
   300 | D:1      | Learned a level 2 spell: Wereblood
  1256 | D:2      | Found Bivakk's Vocational Training.
  1407 | D:3      | Reached XP level 4. HP: 28/28 MP: 4/8
  1579 | D:3      | Found a runed translucent door.
  1580 | D:3      | Noticed Heh's ghost (amateur OpFi)
  1600 | D:3      | Found a runed translucent door.
  2400 | D:4      | Noticed Menkaure
  2409 | D:4      | Killed from afar by Menkaure

Illustrated notes

Levels and vault maps discovered:
D:1:      onia_arrival_handbag, layout_rooms, glass_columns_a
D:2:      layout_rooms, nicolae_shop_vocational
D:3:      cheibrodos_old_hovel, layout_loops_ring, ebering_ghost_sewer_f
D:4:      layout_loops_corners, nicolae_overflow_hallway_of_the_gods,
          uniq_menkaure, uniq_natasha

Skill      XL: |  1  2  3  4 |
---------------+-------------+-----
Ice Magic      | 1 2 |  2.2
Transmutations | 3 |  3.1
Spellcasting   | 3 |  3.0
Fighting       | |  1.0
Dodging        | |  2.0
Unarmed Combat | |  3.0

Action                   |  1- 3 |  4- 6 || total
-------------------------+-------+-------++-------
Melee: Unarmed           |    89 |    36 ||   125
       Kick              |    22 |     7 ||    29
       Constrict         |    20 |     7 ||    27
       Tentacles         |    13 |     9 ||    22
       Punch             |     2 |     2 ||     4
 Cast: Beastly Appendage |    20 |     9 ||    29
       Wereblood         |    10 |     7 ||    17
  Use: Potion            |     1 |       ||     1
       Scroll            |     3 |     1 ||     4
 Stab: Sleeping          |     8 |       ||     8
Armor: Skin              |    22 |     3 ||    25
Dodge: Dodged            |    48 |    23 ||    71

Table legend: (Time is in decaauts)
 A = Elapsed time spent in this place.
 B = Non-inter-level travel time spent in this place.
 C = Inter-level travel time spent in this place.
 D = Time resting spent in this place.
 E = Time spent auto-exploring this place.
 F = Levels seen in this place.
 G = Mean time per level.
                   A        B        C        D        E       F      G
               +--------+--------+--------+--------+--------+-----+--------+
         Total |   2402 |   2361 |     41 |    138 |   1776 |   4 |  600.5 |
       Dungeon |   2402 |   2361 |     41 |    138 |   1776 |   4 |  600.5 |
               +--------+--------+--------+--------+--------+-----+--------+

Top non-repeatable levels by time:
     D:3: 1039 daAuts
     D:1: 806 daAuts
     D:2: 536 daAuts
     D:4: 19 daAuts
